| TOP OF THE 1ST |
|
University of Oklahoma Sooners batting - Pitching for Louisiana State University Tigers : LHP Juan Barrios
|
|
Pitching: LHP Juan Barrios
|
|
|
Batting: LHB Alex Benabides
|
0-0: Ground out 4-3 (Groundball, 4, EV 107.5 MPH)
|
|
Batting: LHB Cameron Marinelli
|
0-0: Foul Ball, location: 2F 0-1: Foul Ball, location: 2F 0-2: Foul Ball, location: 2F 0-2: SINGLE (Line Drive, 5D, EV 105.6 MPH)
|
|
Batting: RHB Ruben Arreola
|
0-0: Ball 1-0: Ball 2-0: Called Strike 2-1: Foul Ball, location: 2F 2-2: Foul Ball, location: 2F 2-2: Fielders Choice at 2nd, 4-6 (Groundball, 4, EV 95.6 MPH)
|
|
Batting: LHB Alex Gutierrez
|
0-0: Called Strike 0-1: Fly out, F7 (Flyball, 7, EV 96.2 MPH)
|
| Top of the 1st over - 0 runs, 1 hit, 0 errors, 1 left on base; University of Oklahoma 0 - Louisiana State University 0 |
| BOTTOM OF THE 1ST |
|
Louisiana State University Tigers batting - Pitching for University of Oklahoma Sooners : RHP Marco Munoz
|
|
Pitching: RHP Marco Munoz
|
|
|
Batting: LHB Elijah Mallandain
|
0-0: Called Strike 0-1: Called Strike 0-2: Ground out 4-3 (Groundball, 34D, EV 84.4 MPH)
|
|
Batting: LHB Manny Grado
|
0-0: Ball 1-0: Foul Ball, location: 2F 1-1: Called Strike 1-2: Fly out, F8 (Line Drive, 8RD, EV 90.0 MPH)
|
|
Batting: RHB Winston Vasquez
|
0-0: Ball 1-0: Ball 2-0: SINGLE (Groundball, 56D, EV 111.9 MPH)
|
|
Batting: RHB Keith Ashton
|
0-0: Ball Winston Vasquez steals 2nd base 1-0: Fly out, F7 (Flyball, 7, EV 85.0 MPH)
|
| Bottom of the 1st over - 0 runs, 1 hit, 0 errors, 1 left on base; University of Oklahoma 0 - Louisiana State University 0 |
| TOP OF THE 2ND |
|
University of Oklahoma Sooners batting - Pitching for Louisiana State University Tigers : LHP Juan Barrios
|
|
Batting: RHB Sugiarto Kartosuwiryo
|
0-0: Ball 1-0: Ball 2-0: Foul Ball, location: 2F 2-1: Ball 3-1: Called Strike 3-2: Base on Balls
|
|
Batting: SHB Orlando Uribe
|
0-0: Ball 1-0: Swinging Strike 1-1: Ball 2-1: Foul Ball, location: 2F 2-2: Ball 3-2: Base on Balls Sugiarto Kartosuwiryo to second
|
|
Batting: RHB Jesus Montoya
|
0-0: Swinging Strike 0-1: Ball 1-1: Ball 2-1: Ball 3-1: TRIPLE (Flyball, 89XD, EV 100.6 MPH) Sugiarto Kartosuwiryo scores Orlando Uribe scores
|
|
Batting: RHB Sam Mason
|
0-0: Called Strike 0-1: Foul Ball, location: 2F 0-2: Ball 1-2: Strikes out swinging
|
|
Batting: RHB Ben Gappa
|
0-0: Called Strike 0-1: Foul Ball, location: 2F 0-2: Strikes out swinging
|
|
Batting: LHB Alex Benabides
|
0-0: Ground out 5-3 (Groundball, 56, EV 101.9 MPH)
|
| Top of the 2nd over - 2 runs, 1 hit, 0 errors, 1 left on base; University of Oklahoma 2 - Louisiana State University 0 |
| BOTTOM OF THE 2ND |
|
Louisiana State University Tigers batting - Pitching for University of Oklahoma Sooners : RHP Marco Munoz
|
|
Batting: RHB Leo Roldan
|
0-0: Ball 1-0: Foul Ball, location: 2F 1-1: Ground out 6-3 (Groundball, 56, EV 104.4 MPH)
|
|
Batting: LHB Matt Ellington
|
0-0: Ball 1-0: Foul Ball, location: 2F 1-1: Ball 2-1: Fly out, F7 (Line Drive, 7, EV 100.0 MPH)
|
|
Batting: RHB D.J. Ganz
|
0-0: Ball 1-0: Called Strike 1-1: Ground out 6-3 (Groundball, 6, EV 101.9 MPH)
|
| Bottom of the 2nd over - 0 runs, 0 hits, 0 errors, 0 left on base; University of Oklahoma 2 - Louisiana State University 0 |
| TOP OF THE 3RD |
|
University of Oklahoma Sooners batting - Pitching for Louisiana State University Tigers : LHP Juan Barrios
|
|
Batting: LHB Cameron Marinelli
|
0-0: Called Strike 0-1: Ball 1-1: Called Strike 1-2: Strikes out looking
|
|
Batting: RHB Ruben Arreola
|
0-0: Ball 1-0: Ball 2-0: Ground out 5-3 (Groundball, 56, EV 79.4 MPH)
|
|
Batting: LHB Alex Gutierrez
|
0-0: Ball 1-0: Called Strike 1-1: Foul Ball, location: 2F 1-2: Strikes out swinging
|
| Top of the 3rd over - 0 runs, 0 hits, 0 errors, 0 left on base; University of Oklahoma 2 - Louisiana State University 0 |
| BOTTOM OF THE 3RD |
|
Louisiana State University Tigers batting - Pitching for University of Oklahoma Sooners : RHP Marco Munoz
|
|
Batting: RHB Byung-hee Jee
|
0-0: Ball 1-0: Ball 2-0: Ball 3-0: Called Strike 3-1: Base on Balls
|
|
Batting: RHB Stewart Walker
|
0-0: Called Strike 0-1: Ball 1-1: Foul Ball, location: 2F 1-2: Ball 2-2: Ball 3-2: Strikes out looking
|
|
Batting: LHB Elijah Mallandain
|
0-0: Foul Ball, location: 2F 0-1: Ball 1-1: Ball 2-1: Foul Ball, location: 2F 2-2: Foul Ball, location: 2F 2-2: Grounds into double play, 4-6-3 (Groundball, 4, EV 83.1 MPH)
|
| Bottom of the 3rd over - 0 runs, 0 hits, 0 errors, 0 left on base; University of Oklahoma 2 - Louisiana State University 0 |
| TOP OF THE 4TH |
|
University of Oklahoma Sooners batting - Pitching for Louisiana State University Tigers : LHP Juan Barrios
|
|
Batting: RHB Sugiarto Kartosuwiryo
|
0-0: Swinging Strike 0-1: Ball 1-1: Swinging Strike 1-2: Ball 2-2: Foul Ball, location: 2F 2-2: Foul Ball, location: 2F 2-2: Foul Ball, location: 2F 2-2: Strikes out swinging
|
|
Batting: SHB Orlando Uribe
|
0-0: Called Strike 0-1: Ball 1-1: Foul Ball, location: 2F 1-2: Fly out, F7 (Flyball, 7, EV 85.6 MPH)
|
|
Batting: RHB Jesus Montoya
|
0-0: Ground out 4-3 (Groundball, P, EV 77.5 MPH)
|
| Top of the 4th over - 0 runs, 0 hits, 0 errors, 0 left on base; University of Oklahoma 2 - Louisiana State University 0 |
| BOTTOM OF THE 4TH |
|
Louisiana State University Tigers batting - Pitching for University of Oklahoma Sooners : RHP Marco Munoz
|
|
Pitching: RHP Gabe Newman
|
|
|
Batting: LHB Manny Grado
|
0-0: Ball 1-0: Fly out, F9 (Line Drive, 9S, EV 94.4 MPH)
|
|
Batting: RHB Winston Vasquez
|
0-0: Ball 1-0: SINGLE (Line Drive, 7S, EV 102.5 MPH)
|
|
Batting: RHB Keith Ashton
|
0-0: Ball Passed Ball! Winston Vasquez to second 1-0: Foul Ball, location: 2F 1-1: Hit by Pitch
|
|
Batting: RHB Leo Roldan
|
0-0: Grounds into double play, 5-4-3 (Groundball, 15, EV 81.9 MPH)
|
| Bottom of the 4th over - 0 runs, 1 hit, 0 errors, 1 left on base; University of Oklahoma 2 - Louisiana State University 0 |
| TOP OF THE 5TH |
|
University of Oklahoma Sooners batting - Pitching for Louisiana State University Tigers : LHP Juan Barrios
|
|
Batting: RHB Sam Mason
|
0-0: Called Strike 0-1: Swinging Strike 0-2: Ball 1-2: Strikes out swinging
|
|
Batting: RHB Ben Gappa
|
0-0: Foul Ball, location: 2F 0-1: Ball 1-1: Swinging Strike 1-2: Ball 2-2: Ball 3-2: Foul Ball, location: 2F 3-2: Ground out 6-3 (Groundball, 6, EV 81.9 MPH)
|
|
Batting: LHB Alex Benabides
|
0-0: Ground out 4-3 (Groundball, 34D, EV 86.9 MPH)
|
| Top of the 5th over - 0 runs, 0 hits, 0 errors, 0 left on base; University of Oklahoma 2 - Louisiana State University 0 |
| BOTTOM OF THE 5TH |
|
Louisiana State University Tigers batting - Pitching for University of Oklahoma Sooners : RHP Gabe Newman
|
|
Batting: LHB Matt Ellington
|
0-0: Called Strike 0-1: Foul Ball, location: 2F 0-2: Foul Ball, location: 2F 0-2: DOUBLE (Line Drive, 89XD, EV 105.0 MPH)
|
|
Batting: RHB D.J. Ganz
|
0-0: Ball 1-0: Ball 2-0: Ground out 6-3 (Groundball, 6, EV 86.2 MPH)
|
|
Batting: RHB Byung-hee Jee
|
0-0: Ball 1-0: Ball 2-0: Called Strike 2-1: Called Strike 2-2: Ground out 6-3 (Groundball, 6, EV 87.5 MPH)
|
|
Batting: RHB Stewart Walker
|
0-0: Foul Ball, location: 2F 0-1: Ball 1-1: Ground out 4-3 (Groundball, 4D, EV 85.0 MPH)
|
| Bottom of the 5th over - 0 runs, 1 hit, 0 errors, 1 left on base; University of Oklahoma 2 - Louisiana State University 0 |
| TOP OF THE 6TH |
|
University of Oklahoma Sooners batting - Pitching for Louisiana State University Tigers : LHP Juan Barrios
|
|
Batting: LHB Cameron Marinelli
|
0-0: Ball 1-0: Ball 2-0: Swinging Strike 2-1: Fly out, F8 (Flyball, 89M, EV 88.1 MPH)
|
|
Pitching: RHP Jeremy Kolb
|
|
|
Batting: RHB Ruben Arreola
|
0-0: Called Strike 0-1: Ball 1-1: Ball 2-1: Ground out 5-3 (Groundball, 5, EV 90.0 MPH)
|
|
Batting: LHB Alex Gutierrez
|
0-0: Ball 1-0: Called Strike 1-1: Called Strike 1-2: Hit by Pitch
|
|
Batting: RHB Sugiarto Kartosuwiryo
|
0-0: Swinging Strike 0-1: Ball 1-1: Ball 2-1: Swinging Strike 2-2: Ball 3-2: Foul Ball, location: 2F 3-2: Foul Ball, location: 2F 3-2: Strikes out swinging
|
| Top of the 6th over - 0 runs, 0 hits, 0 errors, 1 left on base; University of Oklahoma 2 - Louisiana State University 0 |
| BOTTOM OF THE 6TH |
|
Louisiana State University Tigers batting - Pitching for University of Oklahoma Sooners : RHP Gabe Newman
|
|
Batting: LHB Elijah Mallandain
|
0-0: Called Strike 0-1: Foul Ball, location: 2F 0-2: Ball 1-2: Ball 2-2: Foul Ball, location: 2F 2-2: Foul Ball, location: 2F 2-2: Ball 3-2: SINGLE (Line Drive, 34, EV 97.5 MPH)
|
|
Batting: LHB Manny Grado
|
0-0: Ball Elijah Mallandain steals 2nd base 1-0: Ground out U3 (Groundball, 3L, EV 84.4 MPH) Elijah Mallandain to third
|
|
Batting: RHB Winston Vasquez
|
0-0: SINGLE (Line Drive, 6D, EV 98.8 MPH) Elijah Mallandain scores
|
|
Batting: RHB Keith Ashton
|
0-0: Called Strike 0-1: Called Strike 0-2: Ball 1-2: Strikes out swinging Winston Vasquez is caught stealing 2nd base 2-4 Batter strikes out.
|
| Bottom of the 6th over - 1 run, 2 hits, 0 errors, 0 left on base; University of Oklahoma 2 - Louisiana State University 1 |
| TOP OF THE 7TH |
|
University of Oklahoma Sooners batting - Pitching for Louisiana State University Tigers : RHP Jeremy Kolb
|
|
Batting: SHB Orlando Uribe
|
0-0: Ground out 4-3 (Groundball, 4, EV 108.8 MPH)
|
|
Batting: RHB Jesus Montoya
|
0-0: Ball 1-0: Ball 2-0: Called Strike 2-1: Foul Ball, location: 2F 2-2: Strikes out swinging
|
|
Batting: RHB Sam Mason
|
0-0: Foul Ball, location: 2F 0-1: Ball 1-1: Swinging Strike 1-2: Ball 2-2: Foul Ball, location: 2F 2-2: Ball 3-2: Strikes out swinging
|
| Top of the 7th over - 0 runs, 0 hits, 0 errors, 0 left on base; University of Oklahoma 2 - Louisiana State University 1 |
| BOTTOM OF THE 7TH |
|
Louisiana State University Tigers batting - Pitching for University of Oklahoma Sooners : RHP Gabe Newman
|
|
Pitching: RHP Earl Freeman
|
|
|
Batting: RHB Leo Roldan
|
0-0: Called Strike 0-1: Foul Ball, location: 2F 0-2: Ball 1-2: Hit by Pitch
|
|
Batting: LHB Matt Ellington
|
0-0: Fly out, F8 (Flyball, 8LD, EV 103.1 MPH)
|
|
Batting: SHB Brian Caruso
|
0-0: Called Strike 0-1: Ball 1-1: Ball 2-1: Called Strike 2-2: Strikes out swinging
|
|
Batting: RHB Byung-hee Jee
|
0-0: Ball 1-0: Called Strike 1-1: Swinging Strike 1-2: Ball 2-2: Strikes out looking
|
| Bottom of the 7th over - 0 runs, 0 hits, 0 errors, 1 left on base; University of Oklahoma 2 - Louisiana State University 1 |
| TOP OF THE 8TH |
|
University of Oklahoma Sooners batting - Pitching for Louisiana State University Tigers : RHP Jeremy Kolb
|
|
Pitching: RHP Sal Ganzalez
|
|
|
Batting: RHB Ben Gappa
|
0-0: Ball 1-0: Ball 2-0: Ground out 5-3 (Groundball, 5, EV 108.8 MPH)
|
|
Batting: LHB Alex Benabides
|
0-0: Ball 1-0: Called Strike 1-1: Ball 2-1: Ball 3-1: Base on Balls
|
|
Batting: LHB Cameron Marinelli
|
0-0: Called Strike 0-1: Ball 1-1: Foul Ball, location: 2F 1-2: Foul Ball, location: 2F 1-2: Grounds into double play, 6-4-3 (Groundball, 6, EV 90.6 MPH)
|
| Top of the 8th over - 0 runs, 0 hits, 0 errors, 0 left on base; University of Oklahoma 2 - Louisiana State University 1 |
| BOTTOM OF THE 8TH |
|
Louisiana State University Tigers batting - Pitching for University of Oklahoma Sooners : RHP Earl Freeman
|
|
Batting: RHB Stewart Walker
|
0-0: Ball 1-0: Ball 2-0: Ball 3-0: Foul Ball, location: 2F 3-1: SINGLE (Groundball, 56D, EV 103.8 MPH)
|
|
Pitching: LHP Logan Watson
|
|
|
Batting: LHB Elijah Mallandain
|
0-0: Ball 1-0: Bunt missed! 1-1: Bunt missed! 1-2: Strikes out swinging
|
|
Batting: LHB Manny Grado
|
0-0: Called Strike 0-1: Called Strike 0-2: Ball 1-2: Ball 2-2: Ball 3-2: Strikes out swinging
|
|
Batting: RHB Winston Vasquez
|
0-0: Called Strike 0-1: Ball 1-1: Ball 2-1: Ground out 4-3 (Groundball, 4, EV 86.2 MPH)
|
| Bottom of the 8th over - 0 runs, 1 hit, 0 errors, 1 left on base; University of Oklahoma 2 - Louisiana State University 1 |
| TOP OF THE 9TH |
|
University of Oklahoma Sooners batting - Pitching for Louisiana State University Tigers : RHP Sal Ganzalez
|
|
Pitching: RHP Isaiah Keys
|
|
|
Batting: RHB Ruben Arreola
|
0-0: Ball 1-0: Foul Ball, location: 2F 1-1: Foul Ball, location: 2F 1-2: Ball 2-2: Ground out 4-3 (Groundball, 34, EV 108.1 MPH)
|
|
Batting: LHB Alex Gutierrez
|
0-0: Ball 1-0: Ball 2-0: Foul Ball, location: 2F 2-1: Called Strike 2-2: Ball 3-2: Reached on error, E4 (Groundball, 4M, EV 93.1 MPH)
|
|
Batting: RHB Sugiarto Kartosuwiryo
|
0-0: Called Strike 0-1: SINGLE (Line Drive, 89S, EV 96.2 MPH) Alex Gutierrez to second Runner from 2nd tries for 3rd, OUT! 9-5
|
|
Batting: SHB Orlando Uribe
|
0-0: Ball Sugiarto Kartosuwiryo steals 2nd base 1-0: Foul Ball, location: 2F 1-1: Ground out 3-1 (Groundball, 34, EV 102.5 MPH)
|
| Top of the 9th over - 0 runs, 1 hit, 1 error, 1 left on base; University of Oklahoma 2 - Louisiana State University 1 |
| BOTTOM OF THE 9TH |
|
Louisiana State University Tigers batting - Pitching for University of Oklahoma Sooners : LHP Logan Watson
|
|
Pitching: LHP Billy Bradburn
|
|
|
Batting: RHB Keith Ashton
|
0-0: Ball 1-0: Ball 2-0: Ground out 6-3 (Groundball, 6M, EV 83.8 MPH)
|
|
Batting: RHB Leo Roldan
|
0-0: Ball 1-0: Called Strike 1-1: Ball 2-1: SOLO HOME RUN (Flyball, 78XD, EV 111.9 MPH), Distance : 413 ft
|
|
Pinch Hitting: SHB Paul Blaylock
|
0-0: Called Strike 0-1: Called Strike 0-2: Foul Ball, location: 2F 0-2: Foul Ball, location: 2F 0-2: Strikes out swinging
|
|
Batting: SHB Brian Caruso
|
0-0: Foul Ball, location: 2F 0-1: Ball 1-1: SINGLE (Groundball, 4S, EV 96.2 MPH)
|
|
Batting: RHB Byung-hee Jee
|
0-0: Ball 1-0: Ball 2-0: Foul Ball, location: 2F 2-1: DOUBLE (Line Drive, 89D, EV 105.0 MPH) Brian Caruso to third
|
|
Batting: RHB Stewart Walker
|
0-0: Intentional Walk
|
|
Batting: LHB Elijah Mallandain
|
0-0: Called Strike 0-1: Called Strike 0-2: Ball 1-2: Ball 2-2: Ball Wild Pitch! Brian Caruso scores
|
| Bottom of the 9th over - 2 runs, 3 hits, 0 errors, 2 left on base; University of Oklahoma 2 - Louisiana State University 3 |
|